cohdb
Replays
Latest Replays
All Replays
Popular Replays
Top Player Replays
Match Explorer
How It Works
Community
CoH3 Stats
Reddit
Sign in to upload your games and track your stats! →
Sign in with Steam
Match 44786561
Unlisted
Match 44786561
Overview
Messages
Build Orders
End
Kradschützen Motorcycle Team
Selects Battlefield Espionage Battlegroup
Panzergrenadier Squad
Panzergrenadier Squad
Panzergrenadier Squad
Construct Light Support Kompanie
Selects 250/3 Funkpanzerwagen
250/3 Funkpanzerwagen
Forward Retreat Point
2.5-tonne Medical Truck
Fire Support Elements
Selects Intel Disruption Beacon
Construct Panzerarmee Kommand
Walking Stuka Rocket Launcher
Armored Reserves
BES2
LetMeOutNow
Grom
Spacejelly
Der schöne Bob
gunther09 Nürnberg
Plepi
schuperman
0
0
Comments
sign in to comment!
No comments posted yet!